 Dungeon Crawl Stone Soup version 0.32-a0-131-g9dbbe29261 (webtiles) character file.

Game seed: 15437463683417923397

7344 Pooter the Cleaver (level 10, 0/90 (92) HPs)
             Began as a Minotaur Berserker on Feb 9, 2024.
             Was a Believer of Trog.
             Slain by a lemure (1 damage)
             ... led by Pikel
             ... on level 8 of the Dungeon.
             The game lasted 00:41:53 (7751 turns).

Pooter the Cleaver (Minotaur Berserker)             Turns: 7751, Time: 00:41:53

HP:   0/90 (92)     AC: 17    Str: 29    XL:     10   Next: 91%
MP:   18/18         EV: 10    Int:  4    God:    Trog [**....]
Gold: 294           SH:  4    Dex:  6    Spells: 9/9 levels left

rFire   + . .        a - +0 war axe
rCold   . . .        G - +1 buckler of Amelioration {+Blink Will++ SInv}
rNeg    . . .        q - +9 ring mail "Esabysa" {rPois Str+4 Dex-5}
rPois   +            (helmet restricted)
rElec   +            g - +0 cloak
rCorr   .            C - +0 pair of gloves
SInv    +            j - +0 pair of boots
Will    ++...        (no amulet) Stlth
                     F - ring "Waleanoo" {rElec rF+ MP+9}
HPRegen 0.35/turn    (no ring)
MPRegen 0.16/turn

%: no passive effects
@: on berserk cooldown, studying Evocations, lightly drained
A: horns 2, retaliatory headbutt
a: Renounce Religion, Evoke Blink, Berserk, Trog's Hand


You were on level 8 of the Dungeon.
You worshipped Trog.
Trog was pleased with you.
You visited 1 branch of the dungeon, and saw 8 of its levels.

You collected 369 gold pieces.
You spent 75 gold pieces at shops.

Inventory:

Hand Weapons
 a - a +0 war axe (weapon)
   (You found it on level 5 of the Dungeon)
 b - a +0 orcbow
   (You took it off a centaur on level 7 of the Dungeon)
 w - a +5 flail
   (You took it off an orc on level 4 of the Dungeon)
Missiles
 c - 5 datura-tipped darts
 n - 16 poisoned darts (quivered)
 u - 8 boomerangs
 v - 5 throwing nets {!f}
 Q - 37 stones
Armour
 d - a scarf of shadows
   (You found it on level 7 of the Dungeon)
 g - a +0 cloak (worn)
   (You found it on level 2 of the Dungeon)
 j - a +0 pair of boots (worn)
   (You found it on level 2 of the Dungeon)
 q - the +9 ring mail "Esabysa" (worn) {rPois Str+4 Dex-5}
   (You found it on level 3 of the Dungeon)

   Str+4:     It affects your strength (+4).
   Dex-5:     It affects your dexterity (-5).
   rPois:     It protects you from poison
 C - a +0 pair of gloves (worn)
   (You found it on level 6 of the Dungeon)
 G - the +1 buckler of Amelioration (worn) {+Blink Will++ SInv}
   (You took it off a gnoll sergeant on level 7 of the Dungeon)

   Will++:    It greatly increases your willpower.
   SInv:      It lets you see invisible.
   +Blink:    It lets you blink.
Jewellery
 F - the ring "Waleanoo" (left hand) {rElec rF+ MP+9}
   (You took it off a gnoll on level 7 of the Dungeon)

   [ring of magical power]

   rF+:       It protects you from fire.
   rElec:     It insulates you from electricity.
   MP+9:      It affects your magic capacity (+9).
 J - a ring of fire
   (You found it on level 8 of the Dungeon)
Wands
 f - a wand of flame (86)
   (You took it off Dowan on level 4 of the Dungeon)
 y - a wand of charming (9)
   (You found it on level 7 of the Dungeon)
 B - a wand of roots (12)
   (You found it on level 5 of the Dungeon)
 D - a wand of mindburst (3)
   (You found it on level 6 of the Dungeon)
Scrolls
 h - a scroll of silence
 l - 2 scrolls of blinking {unknown}
 o - 3 scrolls of poison
 p - a scroll of immolation {unknown}
 r - a scroll of revelation
 t - a scroll of teleportation {@r4}
 E - a scroll of fog
Potions
 e - 2 potions of resistance {unknown}
 i - 2 potions of haste {unknown}
 m - a potion of attraction {unknown}
 s - 3 potions of heal wounds {unknown}
 x - a potion of berserk rage {unknown}
 z - 4 potions of curing {@q1}
 A - 2 potions of enlightenment
Miscellaneous
 H - a lightning rod (4/4) {!a}
   (You found it on level 7 of the Dungeon)
 I - a phial of floods (inert)
   (You found it on level 7 of the Dungeon)


   Skills:
 + Level 9.7 Fighting
 * Level 13.0 Axes
 * Level 8.9 Ranged Weapons
 - Level 4.4 Throwing
 - Level 2.4 Armour
 - Level 2.1 Dodging
 + Level 5.3 Evocations


You had 9 spell levels left.
You didn't know any spells.
Your spell library was empty.

Dungeon Overview and Level Annotations

Branches:
Dungeon (8/15) Zot: 26887  Temple (0/1) D:5
   Lair: D:8-11

Altars:
Cheibriados
Elyvilon
Gozag
Kikubaaqudgha
Makhleb
Qazlal
Sif Muna
Uskayaw
Yredelemnul

Shops:
D:1 :   D:5 ?

Annotations:
D:8 1 transporter, Amaemon, Pikel


Innate Abilities, Weirdness & Mutations

You have a pair of horns on your head.
You reflexively headbutt those who attack you in melee.


Message History

* * * LOW HITPOINT WARNING * * *
You hear a shout!
You closely miss the steam dragon. You closely miss Maggie.
You hit the wight. x2
A howler monkey comes into view.
Pikel, Merchant of Souls comes into view.
He is wielding a +0 whip of flaming and wearing a +2 robe of cold resistance.
The wight closely misses you.
The wight is engulfed in a cloud of scalding steam.
The wight is destroyed!
Maggie gestures wildly while chanting.
Maggie attempts to bespell you! You resist with almost no effort.
The steam dragon bites you.
* * * LOW HITPOINT WARNING * * *
The steam dragon claws you but does no damage.
The howler monkey moves out of view.
You slash Maggie!
You kill Maggie!
Trog accepts your kill.
Trog appreciates your killing of a magic user.
You closely miss the wight. You closely miss the steam dragon.
Your skin stops crawling.
You feel less strong-willed. You block the wight's attack.
A wight comes into view. It is wielding a +5 scimitar.
The steam dragon breathes steam at you. The ball of steam hits you. You resist.
* * * LOW HITPOINT WARNING * * *
You hear a howl!
Your Axes skill increases to level 13!
You hit the steam dragon. Your headbutt misses the steam dragon.
You hit the wight. The wight hits you with a +0 scimitar.
* * * LOW HITPOINT WARNING * * *
The steam dragon breathes steam at you. The ball of steam hits you. You resist.
* * * LOW HITPOINT WARNING * * *
You hit the steam dragon but do no damage.
You closely miss the wight. The wight hits you with a +0 scimitar!
* * * LOW HITPOINT WARNING * * *
A lemure comes into view.
The steam dragon barely misses you. You furiously retaliate!
You headbutt the steam dragon. The steam dragon closely misses you.
A lemure comes into view.
Unknown command.
You closely miss the steam dragon. Your headbutt misses the steam dragon.
You slash the wight!
You destroy the wight!
Trog accepts your kill.
The howler monkey hoots and howls with incredible vigour!
You block the steam dragon's attack. The steam dragon completely misses you.
A lemure comes into view.
You closely miss the lemure. You hit the steam dragon. The lemure hits you.
You die...

..© #.....#..
#...).#(#
#.....#.#
.#.....#.#
.......#.#
.......+.#######.
......§#§........
......§@)..######
.#####D5§....h...
...zK##########
#...5. #....5
#....5 ...#...
.#.#...


You could see Pikel, a steam dragon (catching breath), 4 lemures, a howler
monkey and a wight.

Vanquished Creatures
  2 two-headed ogres (D:7)
  The ghost of Gryn the Basher, a novice VSBe of Trog (D:7)
  A deep elf pyromancer (D:7)
  2 cyclopes (D:7)
  Jeremiah (D:8)
  Maggie (D:8)
  A slime creature (D:7)
  2 wyverns
  2 basilisks (D:7)
  A steam dragon (D:8)
  A vampire mosquito (D:7)
  2 water moccasins
  Duvessa (D:4)
  An acid dragon (D:7)
  2 ogres
  2 ice beasts (D:6)
  An orc warrior (D:7)
  2 centaurs
  A bullfrog (D:8)
  4 gnoll sergeants (D:7)
  3 scorpions
  A wight (D:8)
  Dowan (D:4)
  2 howler monkeys (D:7)
  3 bombardier beetles (D:5)
  5 hounds
  A jelly (D:6)
  2 gnoll boudas
  5 orc priests
  2 sleepcaps
  9 orc wizards
  3 iguanas
  7 adders
  16 gnolls
  A shadow imp (D:7)
  5 dart slugs
  4 ribbon worms
  21 orcs
  3 ball pythons
  6 bats
  5 endoplasms
  3 giant cockroaches
  10 goblins
  7 hobgoblins
  4 jackals
  4 quokkas
  A frilled lizard (D:1)
  4 kobolds
  6 rats
175 creatures vanquished.

Vanquished Creatures (collateral kills)
  A wraith (D:7)
  2 gnolls (D:4)
  An adder (D:2)
  A giant cockroach (D:4)
  2 goblins (D:4)
7 creatures vanquished.

Vanquished Creatures (others)
  A wight (D:8)
1 creature vanquished.

Grand Total: 183 creatures vanquished

Notes
Turn   | Place    | Note
-------+----------+-------------------------------------------
     0 | D:1      | Pooter the Minotaur Berserker began the quest for the Orb.
     0 | D:1      | Reached XP level 1. HP: 19/19 MP: 0/0
   202 | D:1      | Reached XP level 2. HP: 27/27 MP: 1/1
   202 | D:1      | Found Diocuyvo's Book Emporium.
   216 | D:1      | You fall into a shaft and drop 1 floor!
   239 | D:1      | Reached skill level 4 in Axes
   655 | D:1      | Found a faded altar of an unknown god.
   862 | D:2      | Reached skill level 1 in Throwing
   862 | D:2      | Reached XP level 3. HP: 33/33 MP: 2/2
   879 | D:2      | Reached skill level 1 in Evocations
  1244 | D:2      | Reached XP level 4. HP: 35/40 MP: 3/3
  1473 | D:3      | Reached ** piety under Trog
  1592 | D:3      | Identified the +9 ring mail "Esabysa" {rPois Str+4 Dex-5}
  1683 | D:3      | Found an opulent altar of Gozag.
  1714 | D:3      | Noticed an ogre
  1721 | D:3      | Killed an ogre
  1722 | D:3      | Reached skill level 5 in Axes
  1722 | D:3      | Reached XP level 5. HP: 47/47 MP: 4/4
  2157 | D:3      | Reached XP level 6. HP: 55/55 MP: 5/5
  2159 | D:3      | Reached skill level 5 in Fighting
  2219 | D:4      | Reached skill level 6 in Axes
  2477 | D:4      | Found a shimmering blue altar of Sif Muna.
  2516 | D:4      | Found a hide-covered altar of Uskayaw.
  2555 | D:4      | Noticed Dowan
  2563 | D:4      | Killed Dowan
  2579 | D:4      | Noticed Duvessa
  2593 | D:4      | Killed Duvessa
  2594 | D:4      | Reached XP level 7. HP: 49/61 MP: 6/6
  2716 | D:4      | Found a stormy altar of Qazlal.
  2831 | D:4      | Reached skill level 7 in Axes
  3055 | D:5      | Entered Level 5 of the Dungeon
  3196 | D:5      | Noticed a wyvern
  3206 | D:5      | Killed a wyvern
  3309 | D:5      | Reached XP level 8. HP: 70/70 MP: 7/7
  3363 | D:5      | Found Simpel's Magic Scroll Boutique.
  3367 | D:5      | Reached skill level 8 in Axes
  3498 | D:5      | Bought a scroll of identify for 30 gold pieces
  3498 | D:5      | Bought a scroll of teleportation for 45 gold pieces
  3509 | D:5      | Found a snail-covered altar of Cheibriados.
  3694 | D:5      | Found a staircase to the Ecumenical Temple.
  4034 | D:6      | Found a basalt altar of Yredelemnul.
  4209 | D:6      | Found an ancient bone altar of Kikubaaqudgha.
  4524 | D:6      | Reached skill level 1 in Ranged Weapons
  4685 | D:6      | Reached skill level 9 in Axes
  4803 | D:6      | Found a white marble altar of Elyvilon.
  5296 | D:7      | Reached XP level 9. HP: 79/79 MP: 8/8
  5377 | D:7      | Noticed a cyclops
  5377 | D:7      | Noticed a deep elf pyromancer
  5419 | D:7      | Reached skill level 10 in Axes
  5459 | D:7      | Killed a deep elf pyromancer
  5460 | D:7      | Reached skill level 5 in Ranged Weapons
  5866 | D:7      | Noticed a cyclops
  5870 | D:7      | Killed a cyclops
  5871 | D:7      | Reached skill level 11 in Axes
  6217 | D:7      | Killed a cyclops
  6491 | D:7      | Found a runed translucent door.
  6494 | D:7      | Noticed a two-headed ogre
  6512 | D:7      | Identified the +0 leather armour of the Stallion {Str+4}
  6516 | D:7      | Identified the +5 scale mail of Beyond {rCorr}
  6578 | D:7      | Reached XP level 10. HP: 66/90 MP: 9/9
  6881 | D:7      | Noticed Gryn's ghost (novice VSBe)
  6907 | D:7      | Identified the ring "Waleanoo" {rElec rF+ MP+9}
  6961 | D:7      | Found a transporter.
  6964 | D:7      | Found a transporter.
  6964 | D:7      | Noticed a two-headed ogre
  6980 | D:7      | Killed a two-headed ogre
  6982 | D:7      | Identified the +1 buckler of Amelioration {+Blink Will++
                  | SInv}
  7061 | D:7      | Killed Gryn's ghost
  7062 | D:7      | Reached skill level 12 in Axes
  7452 | D:7      | Found a burning altar of Makhleb.
  7529 | D:7      | Killed a two-headed ogre
  7703 | D:8      | Noticed Jeremiah
  7711 | D:8      | Noticed Amaemon
  7721 | D:8      | Noticed an orange demon
  7722 | D:8      | Killed Jeremiah
  7723 | D:8      | Reached skill level 5 in Evocations
  7733 | D:8      | Noticed Maggie
  7734 | D:8      | Found a transporter.
  7746 | D:8      | Noticed Pikel
  7747 | D:8      | Killed Maggie
  7748 | D:8      | Reached skill level 13 in Axes
  7749 | D:8      | HP: 1/90 [wight/+0 scimitar (7)]
  7751 | D:8      | Slain by a lemure

Illustrated notes

Levels and vault maps discovered:
D:1:      lemuel_arrival_lava_pool, layout_loops_ring, serial_shops, shop,
          shapermc_ecumenical_altar_pompeii, serial_bayou_pond_e
D:2:      layout_basic
D:3:      layout_loops_cross, mainiacjoe_overflow_six_doors_small
D:4:      layout_rooms, nicolae_uskayaw_suspiria,
          nicolae_sif_muna_little_library, nicolae_overflow_crystal_walls,
          uniq_duvessa
D:5:      layout_loops_ring, slow_altar_1, minmay_temple_entry_antechambers,
          serial_shops, shop
D:6:      layout_gridville, lemuel_coloured_pillars_altar,
          mainiacjoe_overflow_alcove_1, general_overflow_altar
D:7:      minmay_the_grid_triangle_9x9_recursive_2
          [minmay_the_grid_triangle_9x9_prize_schism,
          minmay_the_grid_triangle_9x9_cache,
          minmay_the_grid_triangle_9x9_shrine,
          minmay_the_grid_triangle_9x9_subtriangle], layout_loops_ring,
          nicolae_overflow_hidden_temple, gammafunk_ghost_gnarly_gnolls
D:8:      nicolae_cairo_tiling_large_dashed, layout_basic, gammafunk_ghost_hive,
          serial_shops, kennysheep_mini, uniq_pikel, uniq_maggie, uniq_joseph,
          uniq_amaemon, uniq_jeremiah

Skill      XL: |  1  2  3  4  5  6  7  8  9 10 |
---------------+-------------------------------+-----
Axes           | 4 5 6 7 9 11 13 | 13.0
Fighting       | 4 5 6 7 8 9 |  9.7
Throwing       | 1 2 3 4 |  4.4
Evocations     | 1 2 3 4 5 |  5.3
Ranged Weapons | 3 6 8 |  8.9
Armour         | |  2.4
Dodging        | |  2.1

Action                     |  1- 3 |  4- 6 |  7- 9 | 10-12 || total
---------------------------+-------+-------+-------+-------++-------
  Melee: Hand axe          |    55 |   130 |    17 |       ||   202
         Headbutt          |     5 |    23 |    28 |    15 ||    71
         Punch             |     2 |     5 |    12 |     2 ||    21
         Flail             |       |       |    25 |       ||    25
         War axe           |       |       |   130 |    97 ||   227
   Fire: Sling             |       |       |    13 |       ||    13
         Orcbow            |       |       |     9 |       ||     9
  Throw: Dart              |     3 |     7 |    15 |    12 ||    37
         Stone             |       |    12 |       |       ||    12
 Invoke: Berserk           |     1 |     3 |     7 |     4 ||    15
         Trog's Hand       |       |     3 |    10 |     4 ||    17
  Evoke: Wand              |       |       |    14 |     2 ||    16
         Phial of floods   |       |       |       |     1 ||     1
    Use: Scroll            |       |     2 |    10 |     3 ||    15
   Stab: Sleeping          |     2 |       |       |       ||     2
 Armour: Animal skin       |    26 |    11 |       |       ||    37
         Ring mail         |       |    87 |   128 |    97 ||   312
  Dodge: Dodged            |    40 |    64 |    71 |    49 ||   224
  Block: Buckler           |       |       |       |     9 ||     9

Table legend: (Time is in decaauts)
 A = Elapsed time spent in this place.
 B = Non-inter-level travel time spent in this place.
 C = Inter-level travel time spent in this place.
 D = Time resting spent in this place.
 E = Time spent auto-exploring this place.
 F = Levels seen in this place.
 G = Mean time per level.
                   A        B        C        D        E       F      G
               +--------+--------+--------+--------+--------+-----+--------+
         Total |   7879 |   7655 |    224 |   1966 |   4175 |   8 |  984.9 |
       Dungeon |   7879 |   7655 |    224 |   1966 |   4175 |   8 |  984.9 |
               +--------+--------+--------+--------+--------+-----+--------+

Top non-repeatable levels by time:
     D:7: 2655 daAuts
     D:6: 1125 daAuts
     D:5: 882 daAuts
     D:4: 868 daAuts
     D:1: 835 daAuts
     D:3: 786 daAuts
     D:2: 614 daAuts
     D:8: 111 daAuts
